AoeStats
← Codisius

Arena

508125032Analyzed
1v1 RM · 12d ago on Sep 21, 2026· 59m 56s· 2 players
Game mode
Random Map
Map size
Tiny (2 player)
Population
200
Speed
Normal
Resources
Standard
Victory
Conquest
Starting age
Dark Age
Ending age
Imperial Age
RankedLock teamsTeams togetherTeam positionsShared explorationLock speedFull tech treeHidden civsTurbo modeCheats
Victory
Defeat
🇲🇽 Spanish · Mexico
39
+21
🇨🇴 Poles · Colombia
148
-21
Ryuk7035
6:50 Loom
11:17 Feudal Age
12:57 Wheelbarrow
14:12 Double-Bit Axe
15:24 Horse Collar
21:20 Castle Age
24:32 Heavy Plow
25:38 Gold Mining
27:50 Bow Saw
27:47 Stone Mining
32:46 Hand Cart
32:18 Town Watch
34:27 Ballistics
37:41 Imperial Age
35:29 Scale Barding Armor
35:25 Scale Mail Armor
37:19 Stone Shaft Mining
39:55 Two-Man Saw
40:19 Conscription
40:00 Inquisition
40:05 Squires
39:51 Gambesons
40:15 Thumb Ring
40:14 Husbandry
40:25 Bloodlines
41:45 Chemistry
42:05 Chain Barding Armor
41:36 Fletching
49:28 Plate Barding Armor
48:49 Bodkin Arrow
48:54 Padded Archer Armor
49:10 Chain Mail Armor
Codisius
2:07 Loom
15:26 Feudal Age
16:46 Wheelbarrow
18:41 Double-Bit Axe
18:39 Horse Collar
18:52 Gold Mining
18:53 Stone Mining
25:44 Castle Age
23:58 Arson
23:34 Man-at-Arms
24:29 Bloodlines
26:41 Hand Cart
26:29 Heavy Plow
26:42 Bow Saw
27:10 Stone Shaft Mining
31:46 Imperial Age
35:19 Crop Rotation
52:58 Ballistics
53:38 Chemistry
52:53 Forging
52:44 Scale Mail Armor
52:50 Scale Barding Armor
52:45 Padded Archer Armor
52:36 Fletching
53:04 Thumb Ring
52:20 Heavy Cavalry Archer
53:12 Elite Obuch
Connection lost

Rejoining the realm…

Still unreachable

The connection could not be restored.

Session expired

The server has moved on; the page needs a fresh start.